| TOP OF THE 1ST |
|
Jacksonville Suns batting - Pitching for Harrisburg Senators : LHP John Hattenhauer
|
|
Pitching: LHP John Hattenhauer
|
|
|
Batting: RHB Rick Fell
|
0-0: Ball 1-0: Ball 2-0: Foul Ball, location: 2F 2-1: Ball 3-1: Base on Balls
|
|
Batting: RHB Mike Gar
|
0-0: Ball 1-0: Called Strike 1-1: Ball 2-1: Called Strike 2-2: Strikes out looking
|
|
Batting: RHB Akira Suzuki
|
0-0: Ball 1-0: Foul Ball, location: 2F 1-1: Grounds into double play, 4-6-3 (Groundball, 34, EV 86.9 MPH)
|
| Top of the 1st over - 0 runs, 0 hits, 0 errors, 0 left on base; Jacksonville 0 - Harrisburg 0 |
| BOTTOM OF THE 1ST |
|
Harrisburg Senators batting - Pitching for Jacksonville Suns : RHP Pat Proctor
|
|
Pitching: RHP Pat Proctor
|
|
|
Batting: RHB Marcus Dawson
|
0-0: Swinging Strike 0-1: Ball 1-1: Ball 2-1: Foul Ball, location: 2F 2-2: Foul Ball, location: 2F 2-2: Fly out, F8 (Flyball, 8RD, EV 99.4 MPH)
|
|
Batting: LHB Diego Muniz
|
0-0: Ground out U3 (Groundball, 3S, EV 84.4 MPH)
|
|
Batting: LHB Shinji Adachi
|
0-0: Called Strike 0-1: Ball 1-1: Ball 2-1: Fly out, F8 (Flyball, 78M, EV 95.0 MPH)
|
| Bottom of the 1st over - 0 runs, 0 hits, 0 errors, 0 left on base; Jacksonville 0 - Harrisburg 0 |
| TOP OF THE 2ND |
|
Jacksonville Suns batting - Pitching for Harrisburg Senators : LHP John Hattenhauer
|
|
Batting: RHB German Mendoza
|
0-0: SINGLE (Groundball, 56D, EV 99.4 MPH)
|
|
Batting: LHB Jose Cabello
|
0-0: Ball 1-0: Ball 2-0: Fielders Choice at 2nd, 4-6 (Groundball, 4S, EV 83.8 MPH)
|
|
Batting: LHB Emilio Cordero
|
0-0: Called Strike 0-1: Ball 1-1: Called Strike 1-2: Ball 2-2: Strikes out looking
|
|
Batting: LHB Willie Sanchez
|
0-0: Swinging Strike 0-1: Foul Ball, location: 2F 0-2: Ball Jose Cabello steals 2nd, throwing error, E2 Jose Cabello to third 1-2: Ball 2-2: Reached on error, E3 (Groundball, 34S, EV 86.9 MPH) Jose Cabello scores
|
|
Batting: RHB Pi-ao Xú
|
0-0: Foul Ball, location: 2F 0-1: Ball 1-1: Foul Ball, location: 2F 1-2: Fly out, F8 (Flyball, 8LS, EV 97.5 MPH)
|
| Top of the 2nd over - 1 run, 1 hit, 2 errors, 1 left on base; Jacksonville 1 - Harrisburg 0 |
| BOTTOM OF THE 2ND |
|
Harrisburg Senators batting - Pitching for Jacksonville Suns : RHP Pat Proctor
|
|
Batting: RHB Juan Taveras
|
0-0: SINGLE (Groundball, 6MD, EV 99.4 MPH)
|
|
Batting: RHB Tony Madrigal
|
0-0: Ball 1-0: Grounds into double play, 4-6-3 (Groundball, 4S, EV 91.9 MPH)
|
|
Batting: RHB Jon Metzler
|
0-0: Foul Ball, location: 2F 0-1: Ball 1-1: Ball 2-1: SINGLE (Groundball, 4MS, EV 64.4 MPH) (infield hit)
|
|
Batting: LHB Rich Hannus
|
0-0: Ball 1-0: Foul Ball, location: 2F 1-1: Ball 2-1: DOUBLE (Flyball, 89XD, EV 105.6 MPH) Jon Metzler to third
|
|
Batting: RHB Haykuhi Kagramanian
|
0-0: Ball 1-0: Called Strike 1-1: Called Strike 1-2: Strikes out looking
|
| Bottom of the 2nd over - 0 runs, 3 hits, 0 errors, 2 left on base; Jacksonville 1 - Harrisburg 0 |
| TOP OF THE 3RD |
|
Jacksonville Suns batting - Pitching for Harrisburg Senators : LHP John Hattenhauer
|
|
Batting: LHB Jimmy Hannon
|
0-0: Ball 1-0: Fly out, F3 (Popup, 3SF, EV 77.5 MPH)
|
|
Batting: RHB Rick Fell
|
0-0: Called Strike 0-1: Foul Ball, location: 2F 0-2: Foul Ball, location: 2F 0-2: Ball 1-2: Strikes out swinging
|
|
Batting: RHB Mike Gar
|
0-0: Ball 1-0: Ball 2-0: SINGLE (Groundball, 34D, EV 94.4 MPH)
|
|
Batting: RHB Akira Suzuki
|
0-0: Ball 1-0: Swinging Strike 1-1: SINGLE (Groundball, 56S, EV 65.6 MPH) (infield hit) Mike Gar to second
|
|
Batting: RHB German Mendoza
|
0-0: Called Strike 0-1: Ball 1-1: Reached on error, E4 (Groundball, 4, EV 108.8 MPH) Mike Gar to third Akira Suzuki to second
|
|
Batting: LHB Jose Cabello
|
0-0: Swinging Strike 0-1: Ball 1-1: Swinging Strike 1-2: Strikes out swinging
|
| Top of the 3rd over - 0 runs, 2 hits, 1 error, 3 left on base; Jacksonville 1 - Harrisburg 0 |
| BOTTOM OF THE 3RD |
|
Harrisburg Senators batting - Pitching for Jacksonville Suns : RHP Pat Proctor
|
|
Batting: RHB Chris Pynn
|
0-0: Ball 1-0: Ball 2-0: SINGLE (Line Drive, 6M, EV 94.4 MPH)
|
|
Batting: RHB Marcus Dawson
|
0-0: Ball 1-0: Called Strike 1-1: 2-RUN HOME RUN (Flyball, 7D, EV 95.6 MPH), Distance : 371 ft
|
|
Batting: LHB Diego Muniz
|
0-0: Fly out, F7 (Flyball, 7LM, EV 96.2 MPH)
|
|
Batting: LHB Shinji Adachi
|
0-0: Ball 1-0: Called Strike 1-1: Ball 2-1: Ball 3-1: Base on Balls
|
|
Batting: RHB Juan Taveras
|
0-0: Called Strike 0-1: Called Strike 0-2: Ball 1-2: Foul Ball, location: 2F 1-2: Fielders Choice at 2nd, 2-6 (Groundball, 2R, EV 68.1 MPH)
|
|
Batting: RHB Tony Madrigal
|
0-0: Ball 1-0: SINGLE (Groundball, 6MD, EV 98.1 MPH) Juan Taveras to second
|
|
Batting: RHB Jon Metzler
|
0-0: Called Strike 0-1: Ball 1-1: Fly out, F9 (Flyball, 89M, EV 90.0 MPH)
|
| Bottom of the 3rd over - 2 runs, 3 hits, 0 errors, 2 left on base; Jacksonville 1 - Harrisburg 2 |
| TOP OF THE 4TH |
|
Jacksonville Suns batting - Pitching for Harrisburg Senators : LHP John Hattenhauer
|
|
Batting: LHB Emilio Cordero
|
0-0: Called Strike 0-1: Foul Ball, location: 2F 0-2: Ball 1-2: Strikes out looking
|
|
Batting: LHB Willie Sanchez
|
0-0: Called Strike 0-1: Fly out, F9 (Flyball, 9, EV 83.8 MPH)
|
|
Batting: RHB Pi-ao Xú
|
0-0: Called Strike 0-1: Ball 1-1: Foul Ball, location: 2F 1-2: Strikes out swinging
|
| Top of the 4th over - 0 runs, 0 hits, 0 errors, 0 left on base; Jacksonville 1 - Harrisburg 2 |
| BOTTOM OF THE 4TH |
|
Harrisburg Senators batting - Pitching for Jacksonville Suns : RHP Pat Proctor
|
|
Batting: LHB Rich Hannus
|
0-0: Ground out 1-3 (Groundball, 15S, EV 66.9 MPH)
|
|
Batting: RHB Haykuhi Kagramanian
|
0-0: Swinging Strike 0-1: Ball 1-1: Ball 2-1: Foul Ball, location: 2F 2-2: Strikes out swinging
|
|
Batting: RHB Chris Pynn
|
0-0: Ball 1-0: Ball 2-0: Ground out U3 (Groundball, 3, EV 111.9 MPH)
|
| Bottom of the 4th over - 0 runs, 0 hits, 0 errors, 0 left on base; Jacksonville 1 - Harrisburg 2 |
| TOP OF THE 5TH |
|
Jacksonville Suns batting - Pitching for Harrisburg Senators : LHP John Hattenhauer
|
|
Batting: LHB Jimmy Hannon
|
0-0: Called Strike 0-1: Ball 1-1: Called Strike 1-2: Strikes out swinging
|
|
Batting: RHB Rick Fell
|
0-0: Swinging Strike 0-1: Foul Ball, location: 2F 0-2: Ball 1-2: Strikes out swinging, 2-3 out at first.
|
|
Batting: RHB Mike Gar
|
0-0: Swinging Strike 0-1: Ball 1-1: Foul Ball, location: 2F 1-2: Fly out, F9 (Flyball, 89S, EV 81.9 MPH)
|
| Top of the 5th over - 0 runs, 0 hits, 0 errors, 0 left on base; Jacksonville 1 - Harrisburg 2 |
| BOTTOM OF THE 5TH |
|
Harrisburg Senators batting - Pitching for Jacksonville Suns : RHP Pat Proctor
|
|
Batting: RHB Marcus Dawson
|
0-0: Ball 1-0: Ball 2-0: Called Strike 2-1: Ball 3-1: Ground out 4-3 (Groundball, 4, EV 90.0 MPH)
|
|
Batting: LHB Diego Muniz
|
0-0: Ball 1-0: Ball 2-0: Swinging Strike 2-1: SINGLE (Groundball, 34D, EV 97.5 MPH)
|
|
Batting: LHB Shinji Adachi
|
0-0: Ball 1-0: Called Strike Diego Muniz steals 2nd base 1-1: Intentional Walk
|
|
Batting: RHB Juan Taveras
|
0-0: Foul Ball, location: 2F 0-1: Ball 1-1: Grounds into double play, 6-4-3 (Groundball, 6, EV 101.9 MPH)
|
| Bottom of the 5th over - 0 runs, 1 hit, 0 errors, 1 left on base; Jacksonville 1 - Harrisburg 2 |
| TOP OF THE 6TH |
|
Jacksonville Suns batting - Pitching for Harrisburg Senators : LHP John Hattenhauer
|
|
Pitching: RHP Allen Downing
|
|
|
Batting: RHB Akira Suzuki
|
0-0: Ball 1-0: Ground out 2-3 (Groundball, 15S, EV 69.4 MPH)
|
|
Batting: RHB German Mendoza
|
0-0: Ball 1-0: Swinging Strike 1-1: Foul Ball, location: 2F 1-2: Strikes out swinging
|
|
Batting: LHB Jose Cabello
|
0-0: Ball 1-0: Ground out U3 (Groundball, 34, EV 103.8 MPH)
|
| Top of the 6th over - 0 runs, 0 hits, 0 errors, 0 left on base; Jacksonville 1 - Harrisburg 2 |
| BOTTOM OF THE 6TH |
|
Harrisburg Senators batting - Pitching for Jacksonville Suns : RHP Pat Proctor
|
|
Pitching: RHP Stefan Snel
|
|
|
Batting: RHB Tony Madrigal
|
0-0: Called Strike 0-1: Called Strike 0-2: Ball 1-2: Ball 2-2: Ground out 3-1 (Groundball, 34S, EV 83.8 MPH)
|
|
Batting: RHB Jon Metzler
|
0-0: Ball 1-0: Ball 2-0: Called Strike 2-1: Ball 3-1: Base on Balls
|
|
Batting: LHB Rich Hannus
|
0-0: Called Strike Jon Metzler steals 2nd base 0-1: Ball 1-1: Intentional Walk
|
|
Batting: RHB Haykuhi Kagramanian
|
0-0: Foul Ball, location: 2F 0-1: Called Strike 0-2: Ball 1-2: Foul Ball, location: 2F 1-2: Ball 2-2: Strikes out swinging
|
|
Pitching: RHP Pedro Taveras
|
|
|
Batting: RHB Chris Pynn
|
0-0: Called Strike 0-1: Swinging Strike 0-2: Foul Ball, location: 2F 0-2: Fly out, F7 (Flyball, 7LS, EV 80.0 MPH)
|
| Bottom of the 6th over - 0 runs, 0 hits, 0 errors, 2 left on base; Jacksonville 1 - Harrisburg 2 |
| TOP OF THE 7TH |
|
Jacksonville Suns batting - Pitching for Harrisburg Senators : RHP Allen Downing
|
|
Pitching: RHP Fernando Fierros
|
|
|
Batting: LHB Emilio Cordero
|
0-0: Ball 1-0: SINGLE (Groundball, 34D, EV 103.8 MPH)
|
|
Batting: LHB Willie Sanchez
|
0-0: Called Strike 0-1: Foul Ball, location: 2F 0-2: Ball 1-2: Fly out, F9 (Flyball, 9S, EV 70.6 MPH)
|
|
Pinch Hitting: LHB Jeff Tavella
|
0-0: SINGLE (Line Drive, 5L, EV 94.4 MPH) Emilio Cordero to second
|
|
Batting: LHB Jimmy Hannon
|
0-0: Foul Ball, location: 2F 0-1: Fly out, F7 (Flyball, 78D, EV 99.4 MPH)
|
|
Batting: RHB Rick Fell
|
0-0: 3-RUN HOME RUN (Flyball, 78XD, EV 102.5 MPH), Distance : 401 ft
|
|
Pitching: RHP Ramon Rodriguez
|
|
|
Batting: RHB Mike Gar
|
0-0: Called Strike 0-1: Called Strike 0-2: Ground out 6-3 (Groundball, 6, EV 83.8 MPH)
|
| Top of the 7th over - 3 runs, 3 hits, 0 errors, 0 left on base; Jacksonville 4 - Harrisburg 2 |
| BOTTOM OF THE 7TH |
|
Harrisburg Senators batting - Pitching for Jacksonville Suns : RHP Pedro Taveras
|
|
Pitching: RHP Javy Balderrama
|
|
|
Now at 3B: Manny Gonzalez
|
|
|
Batting: RHB Marcus Dawson
|
0-0: Foul Ball, location: 2F 0-1: Ball 1-1: Ball 2-1: Ball 3-1: Swinging Strike 3-2: Foul Ball, location: 2F 3-2: Base on Balls
|
|
Batting: LHB Diego Muniz
|
0-0: Ball Marcus Dawson steals 2nd base 1-0: Called Strike 1-1: Foul Ball, location: 2F 1-2: Foul Ball, location: 2F 1-2: Ball 2-2: Foul Ball, location: 2F 2-2: Strikes out looking
|
|
Batting: LHB Shinji Adachi
|
0-0: Ball 1-0: Foul Ball, location: 2F 1-1: Ball 2-1: Called Strike 2-2: Ball 3-2: Fly out, F7 (Flyball, 78M, EV 75.0 MPH)
|
|
Batting: RHB Juan Taveras
|
0-0: Ball 1-0: Fly out, F1 (Line Drive, P, EV 66.9 MPH)
|
| Bottom of the 7th over - 0 runs, 0 hits, 0 errors, 1 left on base; Jacksonville 4 - Harrisburg 2 |
| TOP OF THE 8TH |
|
Jacksonville Suns batting - Pitching for Harrisburg Senators : RHP Ramon Rodriguez
|
|
Batting: RHB Akira Suzuki
|
0-0: Foul Ball, location: 2F 0-1: Called Strike 0-2: Fly out, F3 (Popup, 3F, EV 72.5 MPH)
|
|
Batting: RHB German Mendoza
|
0-0: Called Strike 0-1: Swinging Strike 0-2: Ball 1-2: Strikes out looking
|
|
Batting: LHB Jose Cabello
|
0-0: Ball 1-0: Ball 2-0: Ball 3-0: Swinging Strike 3-1: Foul Ball, location: 2F 3-2: Strikes out swinging
|
| Top of the 8th over - 0 runs, 0 hits, 0 errors, 0 left on base; Jacksonville 4 - Harrisburg 2 |
| BOTTOM OF THE 8TH |
|
Harrisburg Senators batting - Pitching for Jacksonville Suns : RHP Javy Balderrama
|
|
Pitching: RHP Matt Murray
|
|
|
Batting: RHB Tony Madrigal
|
0-0: Ball 1-0: Fly out, F7 (Flyball, 7LM, EV 106.2 MPH)
|
|
Pinch Hitting: LHB Adam Jacobs
|
0-0: Called Strike 0-1: Swinging Strike 0-2: Ball 1-2: Ball 2-2: Ball 3-2: Strikes out looking
|
|
Batting: LHB Rich Hannus
|
0-0: Ball 1-0: DOUBLE (Groundball, 3L, EV 103.8 MPH)
|
|
Batting: RHB Haykuhi Kagramanian
|
0-0: Called Strike 0-1: Foul Ball, location: 2F 0-2: Ball 1-2: Strikes out swinging
|
| Bottom of the 8th over - 0 runs, 1 hit, 0 errors, 1 left on base; Jacksonville 4 - Harrisburg 2 |
| TOP OF THE 9TH |
|
Jacksonville Suns batting - Pitching for Harrisburg Senators : RHP Ramon Rodriguez
|
|
Now at 2B: Donovan Auclair
|
|
|
Batting: LHB Emilio Cordero
|
0-0: Ball 1-0: Ball 2-0: Foul Ball, location: 2F 2-1: Called Strike 2-2: Ground out 4-3 (Groundball, 34, EV 82.5 MPH)
|
|
Batting: LHB Willie Sanchez
|
0-0: Ball 1-0: Called Strike 1-1: Ball 2-1: Ground out 5-3 (Groundball, 5, EV 88.8 MPH)
|
|
Batting: RHB Manny Gonzalez
|
0-0: Called Strike 0-1: Ball 1-1: Ball 2-1: Ball 3-1: Base on Balls
|
|
Batting: LHB Jimmy Hannon
|
0-0: Ball 1-0: Swinging Strike 1-1: Swinging Strike 1-2: Fly out, F2 (Popup, 5SF, EV 76.2 MPH)
|
| Top of the 9th over - 0 runs, 0 hits, 0 errors, 1 left on base; Jacksonville 4 - Harrisburg 2 |
| BOTTOM OF THE 9TH |
|
Harrisburg Senators batting - Pitching for Jacksonville Suns : RHP Matt Murray
|
|
Batting: RHB Chris Pynn
|
0-0: Ball 1-0: Called Strike 1-1: Swinging Strike 1-2: Strikes out swinging
|
|
Batting: RHB Marcus Dawson
|
0-0: Ground out 4-3 (Groundball, 4, EV 82.5 MPH)
|
|
Batting: LHB Diego Muniz
|
0-0: Swinging Strike 0-1: Ball 1-1: Ground out 6-3 (Groundball, 6, EV 103.8 MPH)
|
| Bottom of the 9th over - 0 runs, 0 hits, 0 errors, 0 left on base; Jacksonville 4 - Harrisburg 2 |
|